 Dungeon Crawl Stone Soup version 0.17-a0-1667-g4ca74a1 (webtiles) character file.

1740557 Mygna the Executioner (level 27, 253/253 HPs)
             Began as a Hill Orc Gladiator on Aug 3, 2015.
             Was the Champion of Beogh.
             Escaped with the Orb
             ... and 3 runes on Aug 18, 2015!
             The game lasted 07:34:26 (66339 turns).

Mygna the Executioner (Hill Orc Gladiator)         Turns: 66339, Time: 07:34:26

Health: 253/253    AC: 34    Str: 20    XL:     27
Magic:  43/43      EV: 30    Int: 11    God:    Beogh [******]
Gold:   6531       SH:  0    Dex: 24    Spells: 11 memorised, 1 level left

rFire  + + +     SeeInvis +     a - +9 executioner's axe (chop)
rCold  + + .     Clarity  .     o - +8 fire dragon armour
rNeg   . . .     SustAt   .     (no shield)
rPois  +         Gourm    .     p - +0 mask of the Dragon {MR+ Slay+3 SInv}
rElec  .         Spirit   .     G - +1 cloak "Qeheiwk" {rC+ Regen+ Str-2 Int+3}
rCorr  +         Warding  .     R - +2 pair of gloves {Dex+3}
rMut   .         Stasis   .     m - +0 pair of boots of Xuukkah {MR++ MP+9}
MR     +++++                    H - amulet of resist corrosion
Stlth  +.........               B - ring of protection from magic
                                Q - ring of Sexionuz {Wiz rF+ rC++ Dex-4}

@: agile, studying Throwing, repel missiles, drained, almost entirely resistant
to hostile enchantments, very unstealthy
A: walk on water, rugged brown scales 1, thin metallic scales 1, agile 1,
deformed body, deterioration 1, poison resistance, shaggy fur 1, weak 1, wild
magic 1
a: Smiting, Recall Orcish Followers, Give Item to Named Follower, Renounce
Religion
0: Orb of Zot
}: 3/15 runes: barnacled, slimy, gossamer


You escaped.
You worshipped Beogh.
Beogh was exalted by your worship.
You were not hungry.

You visited 10 branches of the dungeon, and saw 58 of its levels.
You visited the Abyss 1 time.
You also visited: Labyrinth, Trove, Ossuary and Ice Cave.

You collected 8369 gold pieces.
You spent 1838 gold pieces at shops.

Inventory:

Hand weapons
 a - a +9 executioner's axe of chopping (weapon)
Missiles
 d - 16 throwing nets
 M - 16 silver javelins
 N - 19 javelins of returning (quivered)
 X - 43 javelins of penetration
Armour
 m - the +0 pair of boots of Xuukkah (worn) {MR++ MP+9}
   (You found it on level 4 of the Depths)

   It affects your resistance to hostile enchantments.
   It affects your magic capacity (+9).
 o - a +8 fire dragon armour (worn)
 p - the +0 mask of the Dragon (worn) {MR+ Slay+3 SInv}
   (You bought it in a shop on level 4 of the Orcish Mines)

   It affects your accuracy and damage with ranged weapons and melee attacks
   (+3).
   It affects your resistance to hostile enchantments.
   It lets you see invisible.
 u - a +2 hat of magic resistance
 G - the +1 cloak "Qeheiwk" (worn) {rC+ Regen+ Str-2 Int+3}
   (You acquired it on level 3 of the Vaults)

   It affects your strength (-2).
   It affects your intelligence (+3).
   It protects you from cold.
   It increases your rate of regeneration.
 R - a +2 pair of gloves of dexterity (worn)
Rods
 Y - a +7 rod of destruction (13/13)
   (You found it in a labyrinth)
Jewellery
 g - an uncursed amulet of regeneration
 r - an uncursed amulet of clarity
 s - an uncursed ring of flight
 B - a ring of protection from magic (right hand)
 H - an amulet of resist corrosion (around neck)
 Q - the ring of Sexionuz (left hand) {Wiz rF+ rC++ Dex-4}
   (You found it in a labyrinth)

   [ring of wizardry]

   It improves your spell success rate.
   It affects your dexterity (-4).
   It protects you from fire.
   It greatly protects you from cold.
Magical devices
 f - a wand of heal wounds (9)
 i - a wand of draining (7)
 w - a wand of teleportation (7)
 O - a wand of fireball (11)
 P - a wand of digging (14)
 U - a wand of disintegration (0)
Scrolls
 c - a scroll of enchant weapon
 h - 3 scrolls of blinking
 k - 12 scrolls of magic mapping
 n - 14 scrolls of fear
 y - 5 scrolls of fog
 A - 14 scrolls of teleportation
 F - 2 scrolls of enchant armour
 T - 28 scrolls of remove curse
Potions
 j - 5 potions of cancellation
 l - a potion of agility
 q - 6 potions of haste
 v - 4 potions of invisibility
 z - 16 potions of curing
 C - 2 potions of magic
 K - 2 potions of resistance
 V - 8 potions of flight
Books
 D - a manual of Throwing
 E - a book of Enchantments

   Spells                             Type                      Level
   a - Cause Fear                     Hexes                        4
   b - Silence                        Hexes/Air                    5
   c - Deflect Missiles               Charms/Air                   6
   d - Haste                          Charms                       6
   e - Discord                        Hexes                        8
 I - a book of Necromancy

   Spells                             Type                      Level
   a - Pain                           Necromancy                   1
   b - Animate Skeleton               Necromancy                   1
   c - Vampiric Draining              Necromancy                   3
   d - Regeneration                   Charms/Necromancy            3
   e - Animate Dead                   Necromancy                   4
   f - Control Undead                 Necromancy                   4
Miscellaneous
 t - a phantom mirror
 x - a lamp of fire
 J - a sack of spiders {used: 2}
 S - a phial of floods
Comestibles
 b - 22 fruits
 e - 13 bread rations


   Skills:
 - Level 20.0(19.8) Fighting
 - Level 26.0(25.8) Axes
 + Level 16.4(16.2) Throwing
 - Level 20.0(19.8) Armour
 + Level 16.4(16.2) Dodging
 - Level 3.0(2.8) Spellcasting
 - Level 7.0(6.9) Hexes
 * Level 16.1(15.9) Charms
 - Level 7.0(6.8) Necromancy
 - Level 2.6(2.5) Air Magic
 - Level 15.0(14.8) Invocations
 - Level 15.0(14.8) Evocations


You had one spell level left.
You knew the following spells:

 Your Spells              Type           Power        Failure   Level  Hunger
a - Regeneration          Chrm/Necr      #####.....   1%          3    ###....
b - Spectral Weapon       Hex/Chrm       #####...     1%          3    ###....
c - Phase Shift           Tloc           #.........   100%        5    ######.
d - Repel Missiles        Chrm/Air       ####..       2%          2    ###....
e - Swiftness             Chrm/Air       ####....     2%          2    ###....
f - Blink                 Tloc           N/A          65%         2    ###....
g - Sublimation of Blood  Necr           ####......   5%          2    ###....
h - Condensation Shield   Ice            #.........   99%         4    #####..
i - Apportation           Tloc           #.........   45%         1    #......
j - Summon Butterflies    Summ           #.......     45%         1    #......
k - Haste                 Chrm           ######..     11%         6    #######


Dungeon Overview and Level Annotations

Branches:
Dungeon (15/15)            Temple (0/1) D:5            Lair (8/8) D:9
 Shoals (4/4) Lair:4       Spider (4/4) Lair:4        Slime (6/6) Lair:6
    Orc (4/4) D:9             Elf (3/3) Orc:4        Vaults (4/5) D:14
 Depths (5/5) D:15            Zot (5/5) Depths:5
  Crypt: Vaults:2-3

Altars:
Ashenzari
Cheibriados
Dithmenos
Elyvilon
Fedhas
Gozag
Kikubaaqudgha
Makhleb
Okawaru
Sif Muna
Vehumet
Xom
Yredelemnul
Zin
The Shining One
Beogh

Shops:
D:4 !:   D:5 }   D:6 ([(!}   D:7 !   D:11 %   Orc:1 =   Orc:4 ([*[   Depths:2 ?
Depths:3 %   Depths:4 %!*[

Portals:
Hell: Depths:1 Depths:2 Depths:3 Depths:4 Depths:5
Abyss: Depths:3 Depths:4
Pandemonium: Depths:1 Depths:3
Ziggurat: Depths:5

Annotations:
Zot:5 35 runed doors


Innate Abilities, Weirdness & Mutations

You can walk on water.
You are partially covered in rugged brown scales (AC +1, +3% HP).
You are partially covered in thin metallic scales (AC +2).
You are agile. (Dex +2)
Armour fits poorly on your strangely shaped body.
Your body sometimes deteriorates upon taking damage.
Your system is resistant to poisons.
You are covered in fur (AC +1).
You are weak. (Str -2)
Your spells are a little harder to cast, but a little more powerful.


Message History

Beogh accepts your kill.
You feel a bit more experienced.
You hear a splashing noise. x2
You feel a bit more experienced.
You hear a splashing noise.
You hear a splashing noise.
You hear a splash. x2
You hear a splashing noise. x2
Your orc splashes around in the water.
There is a sudden explosion of sparks!
You hear a splashing noise.
You hear a splashing noise.
You hear a splashing noise.
You hear a splashing noise.
You hear a splashing noise.
Drink which item? (? for menu, Esc to quit)
You feel agile all of a sudden.
Drink which item? (? for menu, Esc to quit)
Okay, then.
You have escaped!

#.#.## ##....
######### ##...
#P≈oPP≈≈########..
#P≈o≈.≈≈#.......#'
#o≈≈≈≈PP#######.#.
#oo...PP# #.#.
#o#o≈..P#######.#.
#o#≈..≈.#....##...
#@#PPP≈≈'.##.##...
###########...#...
#....#...#.
####...####
##...... #######


You could see the friendly Orgrim the orc warlord, a friendly orc knight, 2
friendly orc warriors and 3 friendly orcs.

Vanquished Creatures
  the royal jelly (Slime:6)
  7 orbs of fire
  Margery (Vaults:1)
  A curse toe (Zot:5)
  7 golden dragons
  2 Killer Klowns
  A caustic shrike (Depths:2)
  Nikola (Spider:3)
  the Enchantress (Depths:4)
  The ghost of emiel the Shatterer, a mighty OgBe of Trog (Shoals:4)
  A profane servitor (D:11)
  Arachne (Spider:3)
  4 electric golems
  Jorgrun (Spider:2)
  12 tentacled monstrosities
  21 Orb Guardians (Zot:5)
  A titan (Depths:4)
  An Executioner (D:7)
  2 deep elf master archers (Elf:3)
  A deep elf blademaster (Elf:2)
  2 sphinxes
  2 krakens
  Polyphemus (Shoals:2)
  7 death cobs
  A Shadow Fiend (Zot:1)
  16 acid blobs
  Gastronok (Orc:2)
  An octopode crusher (Depths:5)
  10 storm dragons
  An ancient champion (Vaults:3)
  4 shadow dragons
  A tengu reaver (Depths:5)
  6 draconian monks
  Roxanne (Elf:3)
  Ilsuiw (Shoals:4)
  7 fire giants
  A balrug (Depths:3)
  3 draconian knights
  4 azure jellies
  6 deep elf sorcerers
  2 iron dragons
  6 vault wardens
  6 draconian scorchers
  6 ghost moths
  2 orc warlords
  Aizul (Vaults:2)
  3 frost giants
  3 emperor scorpions (Spider:4)
  A warmonger (D:7)
  3 draconian shifters
  5 draconian zealots
  5 ironheart preservers
  2 ghouls (Vaults:1)
  The ghost of WhatIsLove the Nimble, a powerful DsGl of Okawaru (Elf:2)
  7 spriggan defenders
  4 draconian annihilators
  2 caustic shrike skeletons (Depths:2)
  5 very ugly things
  17 stone giants
  10 deep elf demonologists
  4 draconian callers
  14 black draconians
  7 deep elf annihilators
  10 green draconians
  2 salamander stormcallers
  5 white draconians
  7 purple draconians
  5 yellow draconians
  5 mottled draconians
  16 red draconians
  6 deep elf death magi
  7 merfolk impalers
  6 merfolk javelineers
  6 vault guards
  3 death oozes (Slime:6)
  16 great orbs of eyes
  A minotaur (Lab)
  9 deep elf high priests
  16 ettins
  19 fire dragons
  2 hydras
  6 rakshasas
  6 entropy weavers
  15 ice dragons
  10 yaktaur captains
  7 ogre magi
  5 spriggan air magi
  A catoblepas (Shoals:2)
  3 merfolk avatars (Shoals:4)
  A monstrous demonspawn (D:7)
  A satyr (Shoals:3)
  6 deep troll shamans
  9 centaur warriors
  An alligator snapping turtle (Shoals:2)
  12 dancing weapons (Elf:2)
  5 merfolk aquamancers
  A deep troll earth mage (Depths:5)
  A queen ant (Lair:8)
  6 death yaks
  2 large abominations
  5 hell hogs
  21 hell knights
  6 tengu warriors
  An orc high priest (Depths:4)
  5 spriggan berserkers
  2 vampire magi (Depths:3)
  19 deep elf knights
  A fire crab (Vaults:4)
  10 spriggans
  7 iron trolls
  A salamander mystic (Depths:4)
  A shadow wraith (Vaults:1)
  A flayed ghost (Depths:3)
  13 deep trolls
  12 sea snakes
  4 giant orange brains
  2 hill giants
  5 deep elf summoners
  9 wizards
  6 unseen horrors
  12 necromancers
  A phantasmal warrior (Vaults:3)
  14 harpies
  4 griffons
  7 orc knights
  10 deep elf conjurers
  6 manticores
  19 orb spiders
  2 harpies (shapeshifter)
  12 ironbrand convokers
  A fire giant zombie (Depths:2)
  A torturous demonspawn (D:7)
  4 water nymphs
  9 fauns
  7 hornets
  3 cyclopes
  22 moths of wrath
  27 ugly things
  The ghost of utis the Poker, an experienced TeFi of Vehumet (D:6)
  A black mamba (Lair:6)
  34 wolf spiders
  3 salamanders (Depths:4)
  4 elephants (Lair:6)
  A sixfirhy (D:15)
  4 smoke demons (D:12)
  3 centaur zombies
  A frost giant skeleton (Depths:2)
  2 shining eyes
  The ghost of CipHuK the Grappler, an experienced NaFi of Cheibriados (D:5)
  An octopode (shapeshifter) (Depths:2)
  4 vault sentinels
  An eye of devastation (Slime:1)
  12 spiny frogs
  9 sirens
  2 efreet
  6 gargoyles
  4 molten gargoyles (D:14)
  A spriggan skeleton (Depths:2)
  2 komodo dragons (Lair:4)
  2 ancient zymes (Abyss:1)
  5 kobold demonologists
  A fire drake (Lair:6)
  A golden dragon simulacrum (Depths:3)
  8 tengu conjurers
  40 yaktaurs
  8 demonic crawlers
  10 deep elf priests
  20 merfolk
  The ghost of CipHuK the Ruffian, an average NaFi (Ossuary)
  An elf (Depths:4)
  3 giant leeches (Lair:8)
  A hellwing (D:12)
  3 trolls
  A queen bee (shapeshifter) (Depths:3)
  10 blink frogs
  A minotaur zombie (Lab)
  A tengu simulacrum (Vaults:3)
  3 freezing wraiths
  6 boulder beetles
  Grinder (D:4)
  77 slime creatures
  4 wind drakes
  A blue devil (D:11)
  20 jumping spiders
  A boulder beetle (shapeshifter) (Vaults:3)
  A fire giant simulacrum (Vaults:2)
  14 two-headed ogres
  An elf zombie (Depths:3)
  2 snapping turtles
  16 trapdoor spiders
  Sigmund (D:4)
  3 vampires (Vaults:1)
  A shadow (D:15)
  41 redbacks
  15 tarantellas
  12 water elementals
  16 yaks
  4 fire bats (Depths:3)
  A golden eye (shapeshifter) (Vaults:4)
  20 deep elf magi
  15 vampire mosquitoes
  23 fire elementals
  6 golden eyes
  A human (shapeshifter) (Depths:2)
  2 small abominations
  A hog (D:8)
  8 humans
  4 hippogriffs
  A basilisk (D:9)
  5 hungry ghosts
  23 deep elf fighters
  8 wargs
  An elf simulacrum (Depths:3)
  A soldier ant (Lair:8)
  3 mottled dragons
  7 water moccasins
  17 wolves
  Duvessa (D:7)
  7 hell hounds (Depths:2)
  An ice beast (D:14)
  A black bear (D:5)
  13 wasps
  31 ogres
  23 spiders
  2 necrophages
  14 boggarts
  15 orc warriors
  5 eyes of draining
  6 porcupines
  7 sky beasts
  A crocodile (shapeshifter) (Vaults:2)
  25 centaurs
  8 crocodiles
  Blork the orc (D:6)
  5 big kobolds
  3 gnoll sergeants (D:7)
  A water moccasin zombie (Ossuary)
  Dowan (D:7)
  14 giant frogs
  2 spectral wargs (Depths:4)
  A glowing shapeshifter simulacrum (Depths:3)
  18 killer bees
  A water moccasin skeleton (D:7)
  A wyvern skeleton (D:12)
  4 scorpions
  15 wights
  3 electric eels
  2 lava snakes (D:14)
  7 crimson imps
  12 orc wizards
  2 giant frog zombies
  A gnoll shaman (D:7)
  An iguana (Lair:2)
  10 orc priests
  Ijyb (D:3)
  2 centaur skeletons
  3 hounds
  2 giant frog skeletons (D:7)
  20 jellies
  Natasha (thrice) (D:4)
  19 worker ants
  3 hell rats (Lair:5)
  28 sheep
  6 big kobold zombies (Ossuary)
  A wolf simulacrum (IceCv)
  3 mummies
  Robin (D:3)
  24 gnolls
  27 river rats
  12 adders
  4 shadow imps
  A white imp (Depths:1)
  An ufetubus (D:9)
  An ooze (D:5)
  5 adder zombies
  3 worms
  2 adder skeletons
  5 giant geckos
  32 orcs
  5 giant cockroaches
  3 gnoll zombies (Ossuary)
  10 goblins
  11 hobgoblins
  11 jackals
  27 kobolds
  6 quokkas
  3 ball pythons
  13 bats
  2 giant newts
  5 hobgoblin zombies (Ossuary)
  9 kobold zombies (Ossuary)
  2 orc zombies (Ossuary)
  5 rats
  A bush (Lair:7)
  4 crawling corpses
  7 fungi
  12 plants
  3 tentacles (Shoals:3)
2005 creatures vanquished.

Vanquished Creatures (collateral kills)
  Mara (Vaults:2)
  Xtahua (Depths:4)
  2 bone dragons (Depths:5)
  A tentacled monstrosity (Depths:5)
  Rupert (Lair:4)
  3 acid blobs
  A titan (Depths:4)
  A deep elf blademaster (Elf:3)
  An Orb Guardian (Zot:5)
  An octopode crusher (Depths:2)
  2 tengu reavers (Vaults:1)
  3 storm dragons
  3 fire giants
  Wiglaf (Vaults:1)
  A frost giant (Depths:4)
  2 deep elf sorcerers
  2 ghouls
  An orc warlord (Depths:4)
  2 war gargoyles
  A spriggan defender (Depths:5)
  7 vault wardens
  4 ironheart preservers
  8 very ugly things
  The ghost of kroki the Severer, a powerful MiBe of Trog (Lair:8)
  11 stone giants
  2 deep elf annihilators (Vaults:1)
  The ghost of Tobbichi the Fighter, a powerful MiFi of Trog (Lair:3)
  The ghost of MikeDS the Basher, a powerful GrBe of Trog (Lair:4)
  A merfolk javelineer (Shoals:2)
  5 fire dragons
  5 ettins
  3 deep elf death magi
  3 merfolk impalers
  2 death oozes (Slime:6)
  2 vault guards
  9 yaktaur captains
  2 great orbs of eyes
  3 ice dragons
  5 centaur warriors
  2 entropy weavers
  5 hydras
  A caustic shrike simulacrum (Depths:2)
  A satyr (Shoals:4)
  2 merfolk avatars
  7 death yaks
  3 merfolk aquamancers
  An alligator snapping turtle (Shoals:3)
  6 ogre magi
  A tengu warrior (D:15)
  3 dancing weapons (Elf:2)
  A spriggan berserker (Depths:5)
  2 deep troll earth magi
  2 vampire magi (Depths:4)
  11 hell knights
  A shock serpent (Lair:5)
  4 deep elf knights
  An iron troll (Depths:4)
  8 deep trolls
  2 sea snakes
  3 orc knights
  A giant orange brain (Vaults:4)
  5 hill giants
  3 wizards
  5 ironbrand convokers
  2 deep elf conjurers
  8 harpies
  A lindwurm (Lair:7)
  An orb spider (shapeshifter) (Depths:2)
  5 griffons
  2 cyclopes (Vaults:1)
  2 orc sorcerers
  26 ugly things
  A salamander (Depths:4)
  8 fauns
  4 wolf spiders
  A water nymph (Shoals:1)
  2 manticores
  5 vault sentinels
  A rust devil (D:14)
  2 centaur zombies
  11 elephants
  2 gargoyles
  A siren (Shoals:3)
  4 black mambas
  Psyche (D:8)
  A torpor snail (Lair:6)
  4 centaur skeletons
  14 spiny frogs
  2 elves (Depths:4)
  4 komodo dragons
  30 yaktaurs
  A fire drake (Lair:8)
  4 tengu conjurers
  A jumping spider (Vaults:4)
  2 harpy zombies (D:15)
  13 merfolk
  5 trolls
  A red devil (D:14)
  3 freezing wraiths
  8 two-headed ogres
  2 polar bears
  4 slime creatures
  3 boulder beetles (Vaults:4)
  A giant leech (Lair:8)
  4 snapping turtles
  23 blink frogs
  A centaur simulacrum (D:12)
  7 humans
  8 redbacks
  2 tarantellas
  3 spriggans
  4 water elementals
  23 yaks
  2 vampires (Vaults:1)
  A yak (shapeshifter) (Vaults:2)
  4 deep elf magi
  6 deep elf fighters
  11 hippogriffs
  3 basilisks
  4 soldier ants (Lair:8)
  11 vampire mosquitoes
  8 water moccasins
  8 wolves
  7 porcupines
  2 wargs (Vaults:3)
  A phantom (D:10)
  A hell hound (Depths:2)
  6 orc warriors
  3 ice beasts
  3 necrophages
  3 spiders (D:9)
  3 boggarts
  24 ogres
  6 centaurs
  A wasp (Depths:4)
  3 big kobolds
  9 crocodiles
  A glowing shapeshifter simulacrum (Vaults:3)
  18 giant frogs
  A scorpion (D:14)
  A killer bee (D:14)
  6 electric eels
  2 wights (D:12)
  3 crimson imps
  8 orc wizards
  2 hounds
  5 jellies
  6 orc priests
  2 iguanas
  2 hell rats (Lair:5)
  13 worker ants
  12 sheep
  An adder (D:10)
  29 river rats
  A shadow imp (D:10)
  3 oozes
  26 orcs
  2 quokkas
  2 bats (Orc:2)
  10 kobolds
  4 bushes (Lair:7)
  A crawling corpse (Vaults:2)
  2 fire vortices (Vaults:4)
  12 fungi
  18 plants
  A tentacle (Shoals:4)
779 creatures vanquished.

Vanquished Creatures (others)
  An Ice Fiend (D:1)
  A tengu reaver (Vaults:1)
  5 orc warlords
  A blizzard demon (Abyss:1)
  18 orc knights
  3 orc high priests
  A deep troll shaman (Depths:3)
  Nergalle (Vaults:1)
  A deep elf knight (Elf:2)
  A large abomination (D:1)
  5 orc sorcerers
  A wolf spider (Spider:4)
  31 orc warriors
  A griffon (Shoals:3)
  An ugly thing (Depths:3)
  A moth of wrath (Zot:3)
  A centaur skeleton (D:13)
  A deep elf priest (Elf:2)
  A merfolk (Shoals:3)
  A trapdoor spider (Spider:4)
  A wraith (Vaults:1)
  A vampire (Vaults:1)
  A flying skull (Abyss:1)
  2 yaks (Lair:6)
  A human (Vaults:1)
  A wolf (Depths:4)
  A centaur (D:5)
  A spider (Spider:3)
  2 ogres (Vaults:1)
  23 orc wizards
  A water moccasin skeleton (D:5)
  22 orc priests
  An adder (D:5)
  86 orcs
  A fire vortex (Vaults:4)
  15 fungi
  A lurking horror (Abyss:1)
  23 plants
  15 spectral weapons
  15 tentacles
  302 tentacle segments
593 creatures vanquished.

Grand Total: 3377 creatures vanquished

Notes
Turn   | Place    | Note
--------------------------------------------------------------
     0 | D:1      | Mygna the Hill Orc Gladiator began the quest for the Orb.
     0 | D:1      | Reached XP level 1. HP: 18/18 MP: 1/1
   180 | D:1      | Reached XP level 2. HP: 22/25 MP: 2/2
   328 | D:1      | Reached skill level 5 in Axes
   755 | D:1      | Reached XP level 3. HP: 30/30 MP: 3/3
  1136 | D:2      | Found a shattered altar of Ashenzari.
  1175 | D:2      | Found a glowing silver altar of Zin.
  1212 | D:2      | Reached skill level 6 in Axes
  1622 | D:2      | Reached XP level 4. HP: 35/37 MP: 4/4
  1707 | D:3      | Noticed Ijyb
  1729 | D:3      | Killed Ijyb
  1729 | D:3      | Reached skill level 7 in Axes
  1738 | D:3      | Reached XP level 5. HP: 28/42 MP: 5/5
  1788 | D:3      | Noticed Robin
  1806 | D:3      | Killed Robin
  1943 | D:3      | Noticed a centaur
  1965 | D:3      | Killed a centaur
  1965 | D:3      | Reached skill level 8 in Axes
  2057 | D:3      | Reached XP level 6. HP: 50/50 MP: 6/6
  2172 | D:3      | Found a faded altar to an unknown god.
  2424 | D:4      | Reached skill level 9 in Axes
  2623 | D:4      | Noticed Grinder
  2623 | D:4      | Paralysed by Grinder for 6 turns
  2638 | D:4      | Found Eshede's Distillery.
  2664 | D:4      | Killed Grinder
  2664 | D:4      | Reached skill level 10 in Axes
  2664 | D:4      | Reached XP level 7. HP: 7/56 MP: 7/7
  2813 | D:4      | Bought a potion of heal wounds for 70 gold pieces
  2813 | D:4      | Bought a potion of poison for 14 gold pieces
  2813 | D:4      | Bought a potion of agility for 56 gold pieces
  2874 | D:4      | Found Warusi's Book Shoppe.
  3065 | D:4      | Noticed Sigmund
  3081 | D:4      | Killed Sigmund
  3081 | D:4      | Reached skill level 11 in Axes
  3227 | D:4      | Noticed Natasha
  3242 | D:4      | Killed Natasha
  3354 | D:4      | Noticed Natasha
  3362 | D:4      | Killed Natasha
  3454 | D:4      | Reached skill level 12 in Axes
  3454 | D:4      | Reached XP level 8. HP: 55/62 MP: 8/8
  3538 | D:4      | Noticed Natasha
  3544 | D:4      | Killed Natasha
  3573 | D:5      | Entered Level 5 of the Dungeon
  3598 | D:5      | Found a white marble altar of Elyvilon.
  3612 | D:5      | Became a worshipper of Beogh the Brigand
  3892 | D:5      | Found an ancient bone altar of Kikubaaqudgha.
  3943 | D:5      | Found a staircase to the Ecumenical Temple.
  4058 | D:5      | Found Lasuses's Gadget Shop.
  4135 | D:5      | Noticed CipHuK's ghost (experienced NaFi)
  4152 | D:5      | Killed CipHuK's ghost
  4152 | D:5      | Reached skill level 13 in Axes
  4251 | D:5      | HP: 2/62 [centaur (4)]
  4261 | D:5      | Reached XP level 9. HP: 14/68 MP: 11/11
  4564 | D:6      | Found Pauzim's Antique Weapon Shop.
  4565 | D:6      | Found a sand-covered staircase.
  4575 | Ossuary  | Entered an ossuary
  4606 | Ossuary  | Reached skill level 14 in Axes
  4609 | Ossuary  | Acquired Beogh's first power
  4640 | Ossuary  | Noticed CipHuK's ghost (average NaFi)
  4652 | Ossuary  | Killed CipHuK's ghost
  4687 | Ossuary  | Reached skill level 5 in Invocations
  4867 | D:6      | Found Mozekukoe's Weapon Shoppe.
  4867 | D:6      | Noticed utis's ghost (experienced TeFi)
  5152 | D:6      | Noticed Blork the orc
  5164 | D:6      | Killed Blork the orc
  5200 | D:6      | Killed utis's ghost
  5433 | D:6      | Reached skill level 15 in Axes
  5513 | D:6      | Found Ulups's Distillery.
  5524 | D:6      | Bought a potion of degeneration for 14 gold pieces
  5561 | D:6      | Found Xoto's Gadget Boutique.
  5601 | D:6      | Found Ytecuv's Antique Armour Emporium.
  5609 | D:6      | Bought a pair of gloves for 108 gold pieces
  5651 | D:7      | Acquired Beogh's second power
  5813 | D:7      | Reached XP level 10. HP: 74/74 MP: 15/15
  5815 | D:7      | Found a basalt altar of Yredelemnul.
  5823 | D:7      | Gained mutation: You tend to lose your temper in combat. [mutagenic meat]
  5824 | D:7      | Gained mutation: You are partially covered in thin metallic scales (AC +2). [mutagenic meat]
  5825 | D:7      | Gained mutation: Scrolls take you a little longer to read. [mutagenic meat]
  6025 | D:7      | Acquired Beogh's third power
  6043 | D:7      | Reached skill level 16 in Axes
  6047 | D:7      | Reached skill level 1 in Armour
  6365 | D:7      | Found an opulent altar of Gozag.
  6454 | D:7      | Found a deep blue altar of Sif Muna.
  6494 | D:7      | Noticed Dowan
  6495 | D:7      | Noticed Duvessa
  6516 | D:7      | Killed Duvessa
  6522 | D:7      | Killed Dowan
  6577 | D:7      | Found Bofev's Distillery.
  6640 | D:7      | Got a twisted hat
  6658 | D:7      | Reached skill level 5 in Armour
  6904 | D:7      | Identified the +1 hat of Rotation {-Cast Int+12 Stlth-} (You found it on level 7 of the Dungeon)
  6976 | D:8      | Got a warped flail
  6987 | D:8      | Identified the cursed +2 flail of Faubraac {drain, rPois} (You found it on level 8 of the Dungeon)
  7192 | D:8      | Acquired Beogh's fourth power
  7372 | D:8      | Found a burning altar of Makhleb.
  7815 | D:8      | Noticed Psyche
  7822 | D:8      | Killed Psyche
  7900 | D:8      | Found an iron altar of Okawaru.
  8137 | D:9      | Found a blossoming altar of Fedhas.
  8137 | D:9      | Found a radiant altar of Vehumet.
  8170 | D:9      | Found a staircase to the Orcish Mines.
  8393 | D:9      | Gained Brandogh as an ally
  8398 | D:9      | Reached XP level 11. HP: 63/80 MP: 17/17
  8468 | D:9      | Gained Ognian as an ally
  8472 | D:9      | Noticed a manticore
  8483 | D:9      | Killed a manticore
  8688 | D:9      | Gained mutation: Your spells are a little harder to cast, but a little more powerful. [mutagenic meat]
  8689 | D:9      | Gained mutation: You are robust (+10% HP). [mutagenic meat]
  8690 | D:9      | Gained mutation: You are weak. (Str -2) [mutagenic meat]
  8691 | D:9      | Gained mutation: Your mind is acute. (Int +2) [mutagenic meat]
  8833 | D:9      | Reached skill level 10 in Armour
  8853 | D:9      | Acquired Beogh's fifth power
  8887 | D:9      | Found a staircase to the Lair.
  8949 | D:9      | Lost mutation: Scrolls take you a little longer to read. [mutagenic meat]
  9267 | D:9      | Found a snail-covered altar of Cheibriados.
  9324 | D:9      | Found a shimmering altar of Xom.
  9694 | Lair:1   | Entered Level 1 of the Lair of Beasts
  9749 | Lair:1   | Found a frozen archway.
  9763 | IceCv    | Entered an ice cave
 10344 | Lair:1   | Reached skill level 5 in Fighting
 11750 | Lair:3   | Reached XP level 12. HP: 90/113 MP: 18/18
 12007 | Lair:3   | Noticed Tobbichi's ghost (powerful MiFi)
 12015 | Lair:3   | Killed Tobbichi's ghost
 12015 | Lair:3   | Reached skill level 10 in Fighting
 12798 | Lair:4   | Found a hole to the Spider Nest.
 12816 | Lair:4   | Noticed MikeDS's ghost (powerful GrBe)
 12827 | Lair:4   | Killed MikeDS's ghost
 12944 | Lair:4   | Lost mutation: Your mind is acute. (Int +2) [potion of mutation]
 12945 | Lair:4   | Gained mutation: Your system is resistant to poisons. [potion of mutation]
 12945 | Lair:4   | Lost mutation: You tend to lose your temper in combat. [potion of mutation]
 12957 | Lair:4   | Reached skill level 18 in Axes
 12957 | Lair:4   | Reached XP level 13. HP: 127/127 MP: 19/19
 12958 | Lair:4   | Reached XP level 14. HP: 136/136 MP: 20/20
 13109 | Lair:4   | Found a staircase to the Shoals.
 13144 | Lair:4   | Noticed Rupert
 13158 | Lair:4   | Killed Rupert
 13158 | Lair:4   | Reached skill level 19 in Axes
 13500 | Lair:5   | Noticed Nessos
 13503 | Lair:5   | Noticed Nessos
 13503 | Lair:5   | Nessos changed into Nessos the shock serpent
 13506 | Lair:5   | Killed Nessos the shock serpent
 14393 | Lair:5   | Reached skill level 20 in Axes
 14951 | Lair:6   | Found a staircase to the Slime Pits.
 14970 | Lair:6   | Reached skill level 5 in Throwing
 14974 | Lair:6   | Gained Oreg as an ally
 15647 | Lair:7   | Gained Murdo as an ally
 15666 | Lair:7   | Reached XP level 15. HP: 133/141 MP: 21/21
 15675 | Lair:7   | Found a labyrinth entrance.
 15689 | Lab      | Entered a labyrinth
 15845 | Lab      | Got a steaming platinum ring
 15846 | Lab      | Identified the ring of Sexionuz {Wiz rF+ rC++ Dex-4} (You found it in a labyrinth)
 15851 | Lab      | Identified a +7 rod of destruction (13/13) (You found it in a labyrinth)
 16755 | Lair:8   | Entered Level 8 of the Lair of Beasts
 17366 | Lair:8   | Reached skill level 10 in Throwing
 17782 | Lair:8   | Gained Orbeogh as an ally
 17796 | Lair:8   | Noticed kroki's ghost (powerful MiBe)
 17810 | Lair:8   | Killed kroki's ghost
 18513 | D:10     | Entered Level 10 of the Dungeon
 18921 | D:10     | Gained Arbeogh as an ally
 20008 | D:11     | Found a blossoming altar of Fedhas.
 20293 | D:11     | Found Cesoxamu's Food Emporium.
 20416 | D:11     | Gained Zorug as an ally
 20842 | D:11     | Gained Syrus as an ally
 21534 | D:12     | Found a shattered altar of Ashenzari.
 22601 | D:14     | Gained Horkud as an ally
 22734 | D:14     | Reached XP level 16. HP: 98/158 MP: 22/22
 22805 | D:14     | Found a gate to the Vaults.
 22986 | D:14     | Got a pair of bloodstained boots
 22992 | D:14     | Identified the +1 pair of boots of Death Resistance {-Tele rC+++ MP+9 Str-2} (You found it on level 14 of the Dungeon)
 23325 | D:14     | Got a steaming battleaxe
 23338 | D:14     | Identified the cursed +1 battleaxe of Kismet {chop, rC++ Dex+4} (You found it on level 14 of the Dungeon)
 23497 | D:15     | Entered Level 15 of the Dungeon
 23903 | D:15     | Found a staircase to the Depths.
 24236 | D:15     | Gained Koronagh as an ally
 24557 | D:15     | Found a glowing golden altar of the Shining One.
 24715 | D:15     | Upgraded the game from 0.17-a0-1632-g0af21bd to 0.17-a0-1636-g3119f2b
 25044 | Spider:1 | Entered Level 1 of the Spider Nest
 25510 | Spider:1 | Reached skill level 15 in Fighting
 26110 | Spider:2 | Reached skill level 15 in Armour
 27050 | Spider:2 | Noticed Jorgrun
 27070 | Spider:2 | Killed Jorgrun
 27343 | Spider:2 | Reached XP level 17. HP: 168/173 MP: 23/23
 27585 | Spider:3 | Noticed Arachne
 27603 | Spider:3 | Killed Arachne
 27829 | Spider:3 | Got a twisted trident
 27830 | Spider:3 | Identified the +7 trident of Xumoa {freeze, rC+ Dex+3} (You found it on level 3 of the Spider Nest)
 27970 | Spider:3 | Noticed Nikola
 28000 | Spider:3 | Killed Nikola
 28687 | Spider:4 | Entered Level 4 of the Spider Nest
 29777 | Spider:4 | Gained Argrim as an ally
 29893 | Spider:4 | Your ally Argrim died
 30373 | Spider:4 | HP: 8/179 [poisoned by an emperor scorpion]
 30378 | Spider:4 | HP: 5/179 [poisoned by an emperor scorpion]
 30383 | Spider:4 | HP: 5/179 [poisoned by an emperor scorpion]
 30389 | Spider:4 | HP: 6/179 [poisoned by an emperor scorpion]
 30395 | Spider:4 | HP: 8/179 [poisoned by an emperor scorpion]
 30722 | Spider:4 | Gained Koronagh as an ally
 30779 | Spider:4 | Your ally Koronagh died
 30906 | Spider:4 | Got a gossamer rune of Zot
 31248 | Shoals:1 | Entered Level 1 of the Shoals
 31595 | Shoals:1 | Learned a level 3 spell: Regeneration
 31599 | Shoals:1 | Learned a level 3 spell: Spectral Weapon
 31650 | Shoals:1 | Gained Warrok as an ally
 31848 | Shoals:1 | Reached skill level 1 in Charms
 31894 | Shoals:1 | Reached skill level 1 in Hexes
 32039 | Shoals:2 | Reached skill level 1 in Spellcasting
 32061 | Shoals:2 | Reached XP level 18. HP: 175/189 MP: 24/24
 32096 | Shoals:2 | Noticed Polyphemus
 32109 | Shoals:2 | Killed Polyphemus
 33261 | Shoals:2 | Upgraded the game from 0.17-a0-1636-g3119f2b to 0.17-a0-1646-geb1493d
 33313 | Shoals:3 | Your ally Warrok died
 33316 | Shoals:3 | Reached skill level 5 in Hexes
 33342 | Shoals:3 | Reached skill level 5 in Charms
 33350 | Shoals:3 | Your ally Brandogh died
 33350 | Shoals:3 | Your ally Arbeogh died
 33352 | Shoals:3 | HP: 8/189 [snapping turtle (17)]
 34180 | Shoals:4 | Entered Level 4 of the Shoals
 34180 | Shoals:4 | Found a shimmering altar of Xom.
 34444 | Lair:2   | Learned a level 5 spell: Phase Shift
 34622 | Shoals:4 | Noticed emiel's ghost (mighty OgBe)
 34656 | Shoals:4 | Killed emiel's ghost
 35601 | Shoals:4 | Got a barnacled rune of Zot
 35717 | Shoals:4 | Found a shadowy altar of Dithmenos.
 35865 | Shoals:4 | Noticed Ilsuiw
 35875 | Shoals:4 | Your ally Koronagh died
 35880 | Shoals:4 | Your ally Syrus died
 35885 | Shoals:4 | Reached XP level 19. HP: 22/196 MP: 14/25
 35887 | Shoals:4 | HP: 9/196 [merfolk/tomahawk of returning (4)]
 35892 | Shoals:4 | Your ally Orbeogh died
 36251 | Shoals:4 | Got a bronze scale mail
 36383 | Shoals:4 | Killed Ilsuiw
 36522 | Shoals:4 | Got a translucent trident
 36581 | Shoals:4 | Identified the +7 scale mail "Falametey" {*Corrode rElec Dex+5} (You found it on level 4 of the Shoals)
 36582 | Shoals:4 | Identified the +5 trident of the Valley of Death {speed, rC+ Int+8} (You found it on level 4 of the Shoals)
 36878 | Orc:1    | Entered Level 1 of the Orcish Mines
 37193 | Orc:1    | Found Gofot's Jewellery Emporium.
 37303 | Orc:2    | Noticed Nergalle
 37355 | Orc:1    | Noticed Gastronok
 37453 | Orc:2    | Killed Gastronok
 37453 | Orc:2    | Reached skill level 1 in Necromancy
 37691 | Orc:2    | Found a roughly hewn altar of Beogh.
 38042 | Orc:3    | Found a burning altar of Makhleb.
 38490 | Orc:4    | Entered Level 4 of the Orcish Mines
 38490 | Orc:4    | Found a staircase to the Elven Halls.
 38502 | Orc:4    | Found a roughly hewn altar of Beogh.
 38530 | Orc:4    | Found Gatikacu's Antique Weapon Emporium.
 38532 | Orc:4    | Gained Blodwig as an ally
 38543 | Orc:4    | Found a roughly hewn altar of Beogh.
 38556 | Orc:4    | Found Otam's Antique Armour Shoppe.
 38565 | Orc:4    | Bought an embroidered cloak for 148 gold pieces
 38758 | Orc:4    | Found a roughly hewn altar of Beogh.
 38846 | Orc:4    | Found a roughly hewn altar of Beogh.
 38857 | Orc:4    | Found Upeam's Assorted Antiques.
 38948 | Orc:4    | Found a roughly hewn altar of Beogh.
 38951 | Orc:4    | Found Beycwus's Armour Emporium.
 38974 | Orc:4    | Bought the +0 mask of the Dragon {MR+ Slay+3 SInv} for 467 gold pieces
 39131 | Orc:4    | Found a roughly hewn altar of Beogh.
 39182 | Orc:4    | Found a roughly hewn altar of Beogh.
 39208 | Orc:4    | Found a roughly hewn altar of Beogh.
 39550 | Vaults:1 | Entered Level 1 of the Vaults
 39579 | Vaults:1 | Reached skill level 10 in Charms
 40071 | Vaults:1 | Noticed Wiglaf
 40083 | Vaults:1 | Killed Wiglaf
 40083 | Vaults:1 | Reached skill level 5 in Necromancy
 40674 | Vaults:1 | Nergalle (ally) was killed
 40674 | Vaults:1 | Your ally died
 41172 | Vaults:1 | Reached skill level 21 in Axes
 41428 | Vaults:1 | Noticed Margery
 41449 | Vaults:1 | Your ally Horkud died
 41450 | Vaults:1 | Reached XP level 20. HP: 138/205 MP: 26/26
 41459 | Vaults:1 | Your ally Ognian died
 41459 | Vaults:1 | Your ally Murdo died
 41469 | Vaults:1 | Killed Margery
 41469 | Vaults:1 | Reached skill level 22 in Axes
 41594 | Vaults:1 | Upgraded the game from 0.17-a0-1646-geb1493d to 0.17-a0-1650-gce8475a
 41636 | Vaults:1 | Gained Murdo as an ally
 41943 | Vaults:2 | Noticed Aizul
 41953 | Vaults:2 | Your ally Murdo died
 41974 | Vaults:2 | Killed Aizul
 42028 | Vaults:2 | Noticed Mara
 42029 | Vaults:2 | Noticed Mygna's illusion
 42040 | Vaults:2 | Killed Mara
 42699 | Vaults:2 | Reached skill level 23 in Axes
 42976 | Vaults:2 | Cast into the Abyss (a deep elf sorcerer)
 42976 | Abyss:1  | Found a corrupted altar of Lugonu.
 43196 | Abyss:1  | Reached XP level 21. HP: 213/213 MP: 27/27
 43318 | Vaults:2 | Escaped the Abyss
 43718 | Vaults:3 | Gained Harm as an ally
 43947 | Vaults:3 | Gained Learuk as an ally
 44090 | Vaults:3 | Identified a scroll of acquirement
 44091 | Vaults:3 | Got a faintly glowing cloak
 44102 | Vaults:3 | Identified the +1 cloak "Qeheiwk" {rC+ Regen+ Str-2 Int+3} (You acquired it on level 3 of the Vaults)
 44170 | Vaults:3 | Found a staircase to the Crypt.
 44419 | Vaults:3 | Reached XP level 22. HP: 189/222 MP: 28/28
 44478 | Vaults:3 | Reached skill level 24 in Axes
 44512 | Vaults:3 | Gained Jorge as an ally
 44968 | Vaults:3 | Gained Wulfoc as an ally
 45394 | Vaults:4 | Gained Warbeogh as an ally
 45473 | Vaults:4 | Your ally Learuk died
 45803 | Vaults:4 | Reached skill level 10 in Dodging
 46149 | Vaults:4 | Reached skill level 25 in Axes
 46630 | Vaults:4 | Upgraded the game from 0.17-a0-1650-gce8475a to 0.17-a0-1655-g88a8506
 46724 | Vaults:4 | Gained mutation: You are partially covered in rugged brown scales (AC +1, +3% HP). [mutagenic meat]
 46725 | Vaults:4 | Gained mutation: You are agile. (Dex +2) [mutagenic meat]
 46957 | Depths:1 | Entered Level 1 of the Depths
 47080 | Depths:1 | Found a one-way gate leading to the halls of Pandemonium.
 47133 | Depths:1 | Your ally Zorug died
 47461 | Depths:1 | Found a portal to a secret trove of treasure.
 47497 | Depths:1 | Found a gateway to Hell.
 47649 | Depths:2 | Reached skill level 26 in Axes
 47826 | Depths:2 | Found a burning altar of Makhleb.
 47837 | Depths:2 | Noticed a caustic shrike
 47844 | Depths:2 | Killed a caustic shrike
 47850 | Depths:2 | Reached XP level 23. HP: 137/236 MP: 23/29
 47850 | Depths:2 | Your ally Oreg died
 47882 | Depths:2 | Your ally Warbeogh died
 48441 | Depths:2 | Your ally Blodwig died
 48460 | Depths:2 | Your ally Jorge died
 48466 | Depths:2 | Your ally Wulfoc died
 48472 | Depths:2 | Your ally Harm died
 48753 | Depths:2 | Found Sientel's Magic Scroll Shoppe.
 48761 | Depths:2 | Bought a scroll of identify for 30 gold pieces
 48761 | Depths:2 | Bought a scroll of brand weapon for 300 gold pieces
 48761 | Depths:2 | Bought a scroll of identify for 30 gold pieces
 49275 | Lair:2   | Upgraded the game from 0.17-a0-1655-g88a8506 to 0.17-a0-1667-g4ca74a1
 49374 | Elf:1    | Entered Level 1 of the Elven Halls
 49493 | Elf:1    | Gained Spirok as an ally
 49541 | Elf:1    | Gained Syrus as an ally
 49545 | Elf:1    | Gained Orgrim as an ally
 49557 | Elf:1    | Your ally Syrus died
 49567 | Elf:1    | Your ally Orgrim died
 50296 | Elf:2    | Noticed WhatIsLove's ghost (powerful DsGl)
 50312 | Elf:2    | Killed WhatIsLove's ghost
 50479 | Elf:2    | Found a huge runed gate.
 50479 | Elf:2    | Found a huge runed gate.
 50482 | Elf:2    | Found a huge runed gate.
 51051 | Elf:3    | Entered Level 3 of the Elven Halls
 51153 | Elf:3    | Noticed Roxanne
 51164 | Elf:3    | Killed Roxanne
 51763 | Elf:3    | HP: 7/238 [deep elf blademaster/rapier (12)]
 51773 | Elf:3    | Your ally Spirok died
 52009 | Elf:3    | Reached XP level 24. HP: 220/249 MP: 29/29
 52202 | Elf:3    | Gained mutation: You are covered in fur (AC +1). [potion of beneficial mutation]
 52703 | D:6      | Gained Orbeogh as an ally
 52759 | D:4      | Bought a book of Air for 385 gold pieces
 52762 | D:4      | Learned a level 2 spell: Repel Missiles
 52765 | D:4      | Learned a level 2 spell: Swiftness
 52868 | D:6      | Bought a brightly glowing scale mail for 216 gold pieces
 52878 | D:6      | Identified the +3 scale mail "Vynuolaxt" {rN+} (You bought it in a shop on level 6 of the Dungeon)
 53222 | Depths:3 | Found Otor's Food Shop.
 53359 | Depths:3 | Found a one-way gate to the infinite horrors of the Abyss.
 53723 | Depths:3 | You fall through a shaft for 2 floors!
 53723 | Depths:5 | Entered Level 5 of the Depths
 53772 | Depths:5 | Reached skill level 10 in Invocations
 53810 | Depths:5 | Reached skill level 1 in Air Magic
 53959 | Depths:5 | Found a gateway to a ziggurat.
 54095 | Depths:5 | HP: 8/249 [yellow draconian monk (8)]
 54097 | Depths:5 | HP: 2/249 [acid (15)]
 54246 | Depths:4 | Found Juwk's Armour Boutique.
 54772 | Depths:3 | Gained Orgrim as an ally
 54791 | Depths:3 | Reached skill level 10 in Evocations
 54896 | Depths:3 | Got a steaming glaive
 54897 | Depths:3 | Identified the +5 glaive "Viedgh" {chop, MR+ Int+3} (You found it on level 3 of the Depths)
 55107 | Depths:4 | Found a radiant altar of Vehumet.
 55669 | Depths:4 | Noticed Xtahua
 55677 | Depths:4 | Killed Xtahua
 55677 | Depths:4 | Reached XP level 25. HP: 255/261 MP: 32/32
 55739 | Depths:4 | Noticed the Enchantress
 55751 | Depths:4 | Killed the Enchantress
 55768 | Depths:4 | Got a faerie dragon armour
 55970 | Depths:4 | Got a pair of crude boots
 55984 | Depths:4 | Identified the cursed +0 pair of boots of Xuukkah {MR++ MP+9} (You found it on level 4 of the Depths)
 56525 | Depths:4 | Found The Legendary Gaiclism's Legendary Smithy.
 56548 | Depths:4 | Found Paij's Slaves and Accessories.
 56614 | Depths:4 | Found Jack's Jerk-a-riffic Jerky.
 56649 | Depths:4 | Found Zoomp's Miraculous Elixirs.
 57181 | Depths:5 | Found a gate to the Realm of Zot.
 58118 | Lair:2   | Identified the +6 faerie dragon armour {*Corrode rC+ Dex+6} (You took it off the Enchantress on level 4 of the Depths)
 58240 | Slime:1  | Entered Level 1 of the Pits of Slime
 58253 | Slime:1  | Gained Gorm as an ally
 58269 | Slime:1  | Your ally Gorm died
 58535 | Slime:5  | Reached skill level 15 in Invocations
 58536 | Slime:5  | Gained Thorok as an ally
 58542 | Slime:5  | Your ally Thorok died
 58624 | Slime:6  | Entered Level 6 of the Pits of Slime
 58714 | Slime:6  | Reached XP level 26. HP: 257/270 MP: 34/34
 58846 | Slime:6  | Noticed the royal jelly
 58876 | Slime:6  | Killed the royal jelly
 58900 | Slime:6  | HP: 11/270 [acid blob[the royal jelly] (21)]
 59261 | Slime:6  | Learned a level 2 spell: Blink
 59300 | Slime:6  | Got a slimy cloak
 59303 | Slime:6  | Got an ancient cloak
 59338 | Slime:6  | Got a distressingly furry steam dragon armour
 59351 | Slime:6  | Got a slimy rune of Zot
 59366 | Slime:6  | Identified Ylysul's Reference Book on Dislocation (You found it on level 6 of the Pits of Slime)
 59466 | Lair:6   | Gained Bogwik as an ally
 59568 | Lair:2   | Identified the cursed +0 cloak "Deawnuz" {Regen+ Int+7} (You found it on level 6 of the Pits of Slime)
 59579 | Lair:2   | Identified the cursed +0 cloak of the Beggar {MP+9 Int+5} (You found it on level 6 of the Pits of Slime)
 59623 | Lair:2   | Identified the +0 steam dragon armour of the Other World {rC+} (You found it on level 6 of the Pits of Slime)
 59958 | Depths:1 | You paid a toll of 17 scrolls of identify to enter a treasure trove
 59959 | Trove    | Entered a treasure trove
 59974 | Trove    | Learned a level 2 spell: Sublimation of Blood
 59979 | Trove    | Learned a level 4 spell: Condensation Shield
 59989 | Trove    | Identified Poemm's Grimoire of Boosts and Darkness
 60028 | Trove    | Identified Sif Muna's First Steps in Secret Knowledge
 60031 | Trove    | Learned a level 1 spell: Apportation
 60033 | Trove    | Learned a level 1 spell: Summon Butterflies
 60051 | Trove    | Learned a level 6 spell: Haste
 60340 | Zot:1    | Entered Level 1 of the Realm of Zot
 60880 | Zot:1    | Got a blackened hat
 60881 | Zot:1    | Identified the +0 hat of the Eternal Void {Int+7 Stlth-} (You acquired it on level 1 of the Realm of Zot)
 61385 | Zot:2    | Noticed an orb of fire
 61394 | Zot:2    | Killed an orb of fire
 61649 | Zot:2    | Reached XP level 27. HP: 231/277 MP: 34/34
 62172 | Zot:3    | Reached skill level 15 in Evocations
 62256 | Zot:3    | Got a vibrating bronze ring
 62270 | Zot:3    | Identified the ring of Ceje {rN+ Str+3 Dex+8 Slay-6} (You found it on level 3 of the Realm of Zot)
 62499 | Zot:3    | Reached skill level 15 in Dodging
 62782 | Zot:3    | Noticed an orb of fire
 62790 | Zot:3    | Noticed an orb of fire
 62801 | Zot:3    | Killed an orb of fire
 62816 | Zot:3    | Lost mutation: You are robust (+10% HP). [an orb of fire]
 62821 | Zot:3    | Killed an orb of fire
 64547 | Zot:5    | Entered Level 5 of the Realm of Zot
 64555 | Zot:5    | Found a huge runed gate.
 64555 | Zot:5    | Found a huge runed gate.
 64637 | Zot:5    | Found a huge runed gate.
 64637 | Zot:5    | Found a huge runed gate.
 64637 | Zot:5    | Found a huge runed gate.
 64637 | Zot:5    | Found a huge runed gate.
 64637 | Zot:5    | Found a huge runed gate.
 64657 | Zot:5    | Found a huge runed gate.
 64657 | Zot:5    | Found a huge runed gate.
 64707 | Zot:5    | Found a huge runed gate.
 64707 | Zot:5    | Found a huge runed gate.
 64707 | Zot:5    | Found a huge runed gate.
 64707 | Zot:5    | Found a huge runed gate.
 64707 | Zot:5    | Found a huge runed gate.
 64708 | Zot:5    | Found a huge runed gate.
 64708 | Zot:5    | Found a huge runed gate.
 64708 | Zot:5    | Found a huge runed gate.
 64723 | Zot:5    | Found a huge runed gate.
 64723 | Zot:5    | Found a huge runed gate.
 64724 | Zot:5    | Found a huge runed gate.
 64762 | Zot:5    | Found a huge runed gate.
 64762 | Zot:5    | Found a huge runed gate.
 64795 | Zot:5    | Found a huge runed gate.
 64795 | Zot:5    | Found a huge runed gate.
 64798 | Zot:5    | Found a huge runed gate.
 64941 | Zot:5    | Found a huge runed gate.
 64941 | Zot:5    | Found a huge runed gate.
 64942 | Zot:5    | Found a huge runed gate.
 64951 | Zot:5    | Found a huge runed gate.
 64951 | Zot:5    | Found a huge runed gate.
 64954 | Zot:5    | Found a huge runed gate.
 64954 | Zot:5    | Found a huge runed gate.
 64955 | Zot:5    | Found a huge runed gate.
 64955 | Zot:5    | Found a huge runed gate.
 64962 | Zot:5    | Found a huge runed gate.
 65151 | Zot:5    | Noticed an orb of fire
 65163 | Zot:5    | Killed an orb of fire
 65257 | Zot:5    | Reached skill level 15 in Throwing
 65261 | Zot:5    | Noticed an orb of fire
 65271 | Zot:5    | Killed an orb of fire
 65271 | Zot:5    | Reached skill level 15 in Charms
 65280 | Zot:5    | Noticed an orb of fire
 65292 | Zot:5    | Killed an orb of fire
 65392 | Zot:5    | Noticed an orb of fire
 65392 | Zot:5    | Gained mutation: Armour fits poorly on your strangely shaped body. [an orb of fire]
 65400 | Zot:5    | Gained mutation: Your body sometimes deteriorates upon taking damage. [an orb of fire]
 65406 | Zot:5    | Killed an orb of fire
 65483 | Zot:5    | Gained Bogrim as an ally
 65533 | Zot:5    | Got the Orb of Zot
 65549 | Zot:5    | Your ally Bogrim died
 65561 | Zot:5    | Noticed an orb of fire
 65798 | Depths:2 | Noticed a seraph
 66028 | D:11     | Noticed Cupry the pandemonium lord
 66206 | D:4      | Noticed Qaroful the pandemonium lord
 66339 | D:$      | Escaped with the Orb!

Vault maps used:
D:1:      lightli_arrival_flooded_house
D:2:      ashenzari_altar_1, nicolae_overflow_crystal_walls
D:3:      ecumenical_altar_1, minmay_quantized, uniq_iyjb, uniq_robin
D:4:      serial_shops, shop, shop_fountains, uniq_natasha, uniq_sigmund,
          uniq_grinder
D:5:      black_bear_nest_2, elyvilon_altar_1, nicolae_overflow_hidden_temple,
          lemuel_temple_firewalk, serial_shops, nicolae_shop_crystal,
          first_bread
D:6:      serial_shops, shop, shop, nicolae_shop_temple_entry_statues_fountains,
          shop_statue, shop_statue, gup_ossuary_entry_pyramid,
          uniq_blork_the_orc
D:7:      old_standard_altar, old_standard_altar, grunt_gozag_breadcrumbs,
          serial_shops, nicolae_shop_behind_doors, uniq_duvessa
D:8:      lemuel_coloured_pillars_altar, makhleb_grotto_becter, grunt_livestock,
          due_unseen_surprise, uniq_psyche
D:9:      minmay_thick_lines, kennysheep_little_box, grunt_temple_overflow_open,
          old_standard_altar, minmay_lair_entry_grove, hiddenorc2_lemuel,
          spider_trap
D:11:     serial_shops, shop, fedhas_altar_3
D:12:     minivault_19, hangedman_decor_peaks_small, lemuel_centaur_altar
D:14:     david_vaults_2, minivault_8
D:15:     hangedman_depths_entry_civil_slaughter, tso_metal_star
Lair:1:   portal_ice_cave_entry_pillars_03
Lair:2:   lemuel_old_faithful, serial_bayou_shore_b
Lair:4:   minmay_shoals_entry_hut, spider_nest_entry_web_field, uniq_rupert
Lair:5:   uniq_nessos
Lair:6:   nicolae_slime_entry_slimehenge
Lair:7:   lab_entry_generic
Lair:8:   minmay_lair_end_frog_pond, eino_small_chamber_without_monster,
          minmay_another_anthill
Shoals:2: nicolae_shoals_mertower, uniq_polyphemus
Shoals:4: shoals_end_hangedman, shoal_ilsuiw, hangedman_feature_mirror
Spider:2: uniq_jorgrun
Spider:3: uniq_arachne, uniq_nikola
Spider:4: grunt_spider_rune_parallel
Slime:1:  cheibrodos_slime_lost_civilization_2, nicolae_slime_phagocytosis
Slime:5:  cheibrodos_slime_lost_civilization_3
Orc:1:    serial_shops, nicolae_shop_behind_doors, nicolae_orc_lava_room,
          uniq_gastronok
Orc:2:    nicolae_orc_accident_2, roderic_batcave, uniq_nergalle
Orc:3:    basic_altar, nicolae_orc_pool_cavern
Orc:4:    grunt_orc_community_town_hall, grunt_orc_community_big_house_2,
          grunt_orc_community_big_house_2, grunt_orc_community_house_2,
          grunt_orc_community_house_3, grunt_orc_community_house_2,
          grunt_orc_community_house_2, grunt_orc_community_house_1, basic_altar
Elf:1:    minmay_elf_arrival_plus, hangedman_elf_disciples
Elf:2:    wad_floor_pattern_untrapped
Elf:3:    minmay_elf_hall_x, serial_glass, glass_columns_a, glass_columns_b,
          glass_columns_a, glass_columns_c, corner_web_ring, uniq_roxanne
Vaults:1: grunt_vaults_funnel, nicolae_vaults_alarming, v_misc_30,
          ontoclasm_vaults_eye, st_octagons_2, metal_show,
          nicolae_vaults_big_ls, ontoclasm_vaults_bender,
          ontoclasm_vaults_loading_screen, vaults_room_door_ring,
          ontoclasm_vaults_pinch, uniq_wiglaf
Vaults:2: ontoclasm_vaults_ring_large, vaults_mumra_chevron,
          vaults_standard_mumra_enter_the_diamond, kb_rosetta,
          hangedman_vaults_impose, hangedman_vaults_capsules, v_misc_5,
          nicolae_vaults_little_ls, v_misc_30, vaults_room_large_hall,
          vaults_room_pool, vaults_room_fancy_cross, v_misc_9, vaults_mumra_hex,
          uniq_mara, uniq_aizul
Vaults:3: v_misc_5, minmay_crypt_entry_simple_walls, ontoclasm_vaults_twist,
          serial_ice_b, vaults_standard_mumra_enter_the_diamond,
          nicolae_vaults_mini_display_case, ontoclasm_vaults_ring_large,
          hangedman_vaults_variations, v_pattern_3, vaults_room_door_ring,
          nicolae_vaults_little_squares_5
Vaults:4: grunt_vaults_bifocal, vaults_room_fancy_cross,
          nicolae_vaults_disjoint_gnomons, vaults_room_door_hall, v_rooms_5,
          v_misc_5, hangedman_vaults_unwind,
          vaults_standard_mumra_enter_the_diamond,
          nicolae_vaults_little_squares_6, grunt_vaults_hallway_long,
          nicolae_vaults_halls_meeting, hangedman_vaults_impose,
          ontoclasm_vaults_fault
Depths:1: rand_demon_pan_entry_1, dk_noncrumbling_2, hell_entry,
          nicolae_trove_entry_columns, kennysheep_generic_room_11,
          grunt_megastairs_5
Depths:2: hangedman_cross_cluster, serial_shops, kennysheep_mini_moat,
          grunt_hell_horde, minmay_misc_feat_four_crosses, grunt_ministairs_11,
          st_stairs_9, infiniplex_staircase_squiggle
Depths:3: kennysheep_green_arena, pf_coc_iceberg, hangedman_abyss_entry_splay,
          pan_entry, serial_shops, nicolae_shop_stone,
          infiniplex_staircase_pool_lava
Depths:4: grated_community_mu, serial_shops,
          nicolae_shop_temple_entry_statues_fountains, hell_entry,
          lemuel_crystal_altar, abyss_entry, serial_bayou_shore_b, uniq_xtahua,
          uniq_enchantress
Depths:5: grunt_zot_entry_tricorne, enter_ziggurat_f, grunt_decor_one_mirror,
          hell_entry, serial_bayou_shore_a, serial_bayou_shore_b, uniq_margery
Zot:1:    st_stairs_6
Zot:2:    grunt_ministairs_6
Zot:3:    lemuel_firehouse, st_small_dragon_hoard_2,
          hangedman_zot_decor_scrapings, lemuel_lake_of_fire
Zot:5:    door_vault
Lab:      labyrinth_hidden_loot, nicolae_lab_diamond, nicolae_lab_stuck,
          labyrinth_lava_lair, nicolae_lab_statue
Trove:    trove_library
Ossuary:  ossuary_tomb_2
IceCv:    ice_cave_small_necro

Action                   |  1- 3 |  4- 6 |  7- 9 | 10-12 | 13-15 | 16-18 | 19-21 | 22-24 | 25-27 || total
-------------------------+-------+-------+-------+-------+-------+-------+-------+-------+-------++-------
Melee: War axe           |    99 |   152 |   408 |   157 |       |       |       |       |       ||   816
       Battleaxe         |       |       |       |   328 |   624 |  1454 |  1068 |   705 |       ||  4179
       Executioner's axe |       |       |       |       |       |       |       |   871 |  1513 ||  2384
Throw: Throwing net      |     1 |     3 |     4 |       |     4 |       |       |       |       ||    12
       Javelin           |       |       |       |       |    33 |   113 |     6 |    15 |    20 ||   187
 Cast: Spectral Weapon   |       |       |       |       |       |     1 |     2 |     3 |    25 ||    31
       Regeneration      |       |       |       |       |       |       |    47 |    72 |    98 ||   217
       Repel Missiles    |       |       |       |       |       |       |       |     6 |     8 ||    14
       Swiftness         |       |       |       |       |       |       |       |       |     1 ||     1
Invok: Convert to Beogh  |       |       |     1 |       |       |       |       |       |       ||     1
       Recall Orcish Fol |       |       |       |     2 |     3 |     3 |     7 |     2 |     1 ||    18
       Stop Recall       |       |       |       |     2 |     3 |     3 |     7 |     2 |       ||    17
       Give Item to Name |       |       |       |     1 |     2 |     2 |     2 |     1 |       ||     8
       Smiting           |       |       |       |       |       |    10 |    11 |    18 |    26 ||    65
Evoke: Wand              |       |       |     4 |     4 |     4 |     5 |     3 |    20 |    11 ||    51
       Sack of spiders   |       |       |       |     1 |     1 |     1 |       |       |       ||     3
       Lamp of fire      |       |       |       |     1 |       |     4 |     1 |     3 |       ||     9
       Phial of floods   |       |       |       |     1 |       |     2 |     2 |     2 |       ||     7
       Rod               |       |       |       |       |     4 |       |       |       |       ||     4
       Phantom mirror    |       |       |       |       |       |       |       |       |     1 ||     1
  Use: Potion            |       |     2 |     4 |     5 |     2 |    10 |     6 |     6 |     9 ||    44
       Scroll            |       |     9 |     5 |    15 |    13 |    13 |     7 |    21 |    20 ||   103
 Stab: Distracted        |       |       |       |     2 |     5 |     7 |    14 |    24 |    11 ||    63
       Invisible         |       |       |       |       |       |     5 |       |     4 |       ||     9
       Paralysed         |       |       |       |       |       |       |       |     2 |       ||     2
       Confused          |       |       |       |       |       |       |       |     3 |     1 ||     4
  Eat: Chunk             |     2 |     5 |     7 |    34 |    20 |    31 |    29 |    44 |    27 ||   199
       Beef jerky        |       |       |     1 |       |     1 |     3 |       |     2 |     3 ||    10
       Meat ration       |       |       |     1 |       |     3 |     4 |     1 |     2 |     3 ||    14
       Royal jelly       |       |       |       |     1 |       |       |       |     1 |       ||     2
       Pizza             |       |       |       |       |     1 |     1 |     3 |     1 |       ||     6
       Bread ration      |       |       |       |       |       |     2 |     3 |     1 |     8 ||    14
       Fruit             |       |       |       |       |       |       |     1 |       |     8 ||     9
